 Dungeon Crawl Stone Soup version 0.26-a0-606-g3c8f2f6 (webtiles) character file.

Game seed: 578854518667145502

31 Scrawl the Firebug (level 3, 0/35 HPs)
             Began as an Ogre Fire Elementalist on Sept 1, 2020.
             Succumbed to an adder's poison
             ... on level 2 of the Dungeon.
             The game lasted 00:04:45 (1157 turns).

Scrawl the Firebug (Ogre Fire Elementalist)         Turns: 1157, Time: 00:04:46

Health: 0/35       AC:  3    Str: 13    XL:     3   Next: 22%
Magic:  4/6        EV: 10    Int: 16    God:
Gold:   51         SH:  0    Dex:  9    Spells: 5/6 levels left

rFire    . . .     SeeInvis .   a - +0 club
rCold    . . .     Faith    .   (no shield)
rNeg     . . .     Spirit   .   d - +0 robe
rPois    .         Reflect  .   (helmet restricted)
rElec    .         Harm     .   (no cloak)
rCorr    +                      (gloves unavailable)
MR       .....                  (boots unavailable)
Stlth    +.........             (no amulet)
HPRegen  0.11/turn              l - ring of resist corrosion
MPRegen  0.10/turn              e - +4 ring of slaying

@: mighty, lethally poisoned (0 -> -8), hasted, very quick
A: large, unfitting armour, tough skin 1
a: no special abilities


You were on level 2 of the Dungeon.
You visited 1 branch of the dungeon, and saw 2 of its levels.

You collected 51 gold pieces.

Inventory:

Hand Weapons
 a - a +0 club (weapon)
 b - a +2 hunting sling of flaming
Missiles
 c - 3 curare-tipped darts (quivered)
 m - 30 sling bullets
Armour
 d - a +0 robe (worn)
Jewellery
 e - a +4 ring of slaying (right hand)
 i - a cursed -4 ring of protection {unknown}
 l - a ring of resist corrosion (left hand)
Scrolls
 f - a scroll of identify {unknown}
 h - a scroll of magic mapping {unknown}
 j - a scroll of blinking {unknown}
 k - a scroll of enchant weapon {unknown}
 n - a scroll of fear {unknown}
 p - a scroll of remove curse {unknown}


   Skills:
 * Level 2.2 Fighting
 + Level 2.1 Dodging
 - Level 1.4 Stealth
 - Level 2.4 Spellcasting
 + Level 1.3 Conjurations
 + Level 3.0 Fire Magic


You had 5 spell levels left.
You knew the following spells:

 Your Spells              Type           Power        Failure   Level
a - Foxfire               Conj/Fire      #...         9%          1

Your spell library contained the following spells:

 Spells                   Type           Power        Failure   Level
 Conjure Flame            Conj/Fire      #.......     24%         3
 Inner Flame              Hex/Fire       #.......     32%         3
 Sticky Flame             Conj/Fire      #.......     63%         4
 Fireball                 Conj/Fire      #.........   92%         5


Dungeon Overview and Level Annotations

Branches:
Dungeon (2/15)

Altars:


Innate Abilities, Weirdness & Mutations

You are too large for most types of armour.
You have tough skin. (AC +1)


Message History

You feel sick.
It was a potion of haste.
You feel yourself speed up.
* * * LOW HITPOINT WARNING * * *
You feel sick. The adder bites you.
* * * LOW HITPOINT WARNING * * *
It was a potion of might.
You feel very mighty all of a sudden. The adder barely misses you.
You hit the adder.
The adder is almost dead.
* * * LOW HITPOINT WARNING * * *
You feel sick. The adder bites you but does no damage.
You sock the adder!
You kill the adder!
Your Fire Magic skill increases to level 3!
You have reached level 3!
Your experience leads to an increase in your attributes!
Increase (S)trength, (I)ntelligence, or (D)exterity?
You feel stronger. x2
You die...

#.# #.#
#######.#
#.......#
#.####### #.#
#.#
#.#############
#...@..†......#
#############.#


There were no monsters in sight!

Vanquished Creatures
  An adder (D:2)
  An ooze (D:1)
  A leopard gecko (D:1)
  A giant cockroach (D:2)
  A hobgoblin (D:1)
  3 jackals (D:1)
  A kobold (D:1)
  5 bats (D:1)
  A frilled lizard (D:1)
  3 rats
18 creatures vanquished.

Vanquished Creatures (others)
  11 foxfires (D:1)
11 creatures vanquished.

Grand Total: 29 creatures vanquished

Notes
Turn   | Place    | Note
-------+----------+-------------------------------------------
     0 | D:1      | Scrawl the Ogre Fire Elementalist began the quest for the
                  | Orb.
     0 | D:1      | Reached XP level 1. HP: 16/16 MP: 3/3
    48 | D:1      | Reached skill level 1 in Conjurations
    58 | D:1      | Reached skill level 1 in Fighting
   256 | D:1      | Reached XP level 2. HP: 17/27 MP: 3/5
  1156 | D:2      | HP: 1/28 [poisoned by an adder]
  1157 | D:2      | Reached skill level 3 in Fire Magic
  1157 | D:2      | Reached XP level 3. HP: 1/35 MP: 4/6
  1157 | D:2      | Succumbed to an adder's poison

Illustrated notes

Levels and vault maps discovered:
D:1:      tarquinn_simple_flora_water_e, layout_loops_ring
D:2:      minmay_diamond_boxcup, layout_loops_ring

Skill      XL: |  1  2 |
---------------+-------+-----
Conjurations   | 1 |  1.3
Fighting       | 1 2 |  2.2
Dodging        | 2 |  2.1
Fire Magic     | 3 |  3.0
Stealth        | |  1.4
Spellcasting   | |  2.4

Action                   || total
-------------------------++-------
Melee: Club              ||    60
       Unarmed           ||    15
 Fire: Hunting sling     ||     4
 Cast: Foxfire           ||     9
  Use: Potion            ||     2
Armor: Robe              ||    42
Dodge: Dodged            ||    73

Table legend: (Time is in decaauts)
 A = Elapsed time spent in this place.
 B = Non-inter-level travel time spent in this place.
 C = Inter-level travel time spent in this place.
 D = Time resting spent in this place.
 E = Time spent auto-exploring this place.
 F = Levels seen in this place.
 G = Mean time per level.
                   A        B        C        D        E       F      G
               +--------+--------+--------+--------+--------+-----+--------+
         Total |   1170 |   1088 |     82 |    338 |    401 |   2 |  585.0 |
       Dungeon |   1170 |   1088 |     82 |    338 |    401 |   2 |  585.0 |
               +--------+--------+--------+--------+--------+-----+--------+

Top non-repeatable levels by time:
     D:1: 1124 daAuts
     D:2: 46 daAuts
